Description

A very fast Immortal push designed to catch your opponent off guard.

VOD

https://www.youtube.com/watch?v=Im9A7fPl__U

Build Order

Get SALT Encoding   

  14  0:35  Pylon  
  15  0:45  Gateway  
  16  0:52  Assimilator  
  18  1:22  Nexus  
  19  1:31  Cybernetics Core  
  19  1:40  Assimilator  
  19  1:50  Pylon  Send Adept to scout drone count
  22  2:08  Adept  
  24  2:10  Robotics Bay  
  25  2:17  Warp Gate  
  25  2:28  Stalker  Zone out Overlord
  35  2:58  Warp Prism  Vision for Overlord
  38  3:05  Sentry  
  41  3:19  Pylon  
  42  3:26  Immortal  Move out immediately
  46  3:31  Gateway  
  46  3:38  Gateway  
  46  3:48  Gateway x5  
  47  4:05  Sentry  
  48  4:13  Pylon x2  
Spawning Tool Build Advisor. Get it on Overwolf

Analysis

Push as soon as one Immortal and one Warp Prism are ready. Utilize Gateway explosion to power your rush. Try to split between the third and the natural to prevent reinforcements. Remember to add sentries for force fields.

Go to:

Details

  • Created by: skysharpe
  • Published on: Oct 17, 2019
  • Modified on: Oct 17, 2019
  • Patch: 4.7.1
Show
View Real Time Build Order
Export as new Build Order

Comments (1)

On Jan. 8, 2020, 8 a.m., taljacob  said:

This is a 8 Gateway timing attack. The title should be that in my opinion.
Great Build though.

Create an account to comment!